 Dungeon Crawl Stone Soup version 0.23-b1-59-g586d0d887c (webtiles) character file.

Game seed: 7939380950494456221

60 lrds666 the Conjurer (level 3, -2/26 HPs)
             Began as a Draconian Conjurer on Feb 4, 2019.
             Slain by a gnoll
             ... wielding a +0 spear
              (4 damage)
             ... on level 2 of the Dungeon.
             The game lasted 00:12:30 (2936 turns).

lrds666 the Conjurer (Draconian Conjurer)           Turns: 2936, Time: 00:12:31

Health: -2/26      AC:  6    Str: 11    XL:     3   Next: 82%
Magic:  6/6        EV: 12    Int: 15    God:
Gold:   59         SH:  0    Dex: 11    Spells: 5/6 levels left

rFire    . . .     SeeInvis .   b - +1 dagger
rCold    . . .     Gourm    .   (no shield)
rNeg     . . .     Faith    .   (armour unavailable)
rPois    .         Spirit   .   (helmet restricted)
rElec    .         Reflect  .   (no cloak)
rCorr    .         Harm     .   (no gloves)
MR       .....                  (no boots)
Stlth    ++........             (no amulet)
HPRegen  0.08/turn              m - +1 ring of protection
MPRegen  0.10/turn              (no ring)

@: no status effects
A: unfitting armour, hooves 1, stinger 1, frail 1, cold-blooded, AC +5
a: no special abilities


You were on level 2 of the Dungeon.
You were not hungry.

You visited 1 branch of the dungeon, and saw 2 of its levels.

You collected 59 gold pieces.

Inventory:

Hand Weapons
 a - a +1 whip of pain
 b - a +1 dagger (weapon)
 i - a +0 dagger
 k - a +0 club
 n - a +0 spear
Missiles
 g - 15 stones (quivered)
Armour
 c - a +0 robe
 h - a +0 leather armour
 j - a +0 leather armour
Jewellery
 m - a +1 ring of protection (left hand)
Scrolls
 d - a scroll of remove curse
 f - a scroll of magic mapping {unknown}
 l - a scroll of identify {unknown}
Potions
 e - 2 potions of curing


   Skills:
 * Level 1.7 Fighting
 + Level 2.1 Dodging
 + Level 2.0 Stealth
 * Level 1.8 Unarmed Combat
 + Level 2.0 Spellcasting
 + Level 4.3 Conjurations


You had 5 spell levels left.
You knew the following spells:

 Your Spells              Type           Power        Failure   Level  Hunger
a - Magic Dart            Conj           ##..         3%          1    #......

Your spell library contained the following spells:

 Spells                   Type           Power        Failure   Level  Hunger
 Searing Ray              Conj           ##....       5%          2    ###....
 Dazzling Spray           Conj/Hex       #.....       26%         3    ###....
 Iskenderun's Mystic Bla  Conj           ##......     36%         4    #####..
 Force Lance              Conj/Tloc      #.......     65%         4    #####..
 Fulminant Prism          Conj/Hex       #.........   65%         4    #####..


Dungeon Overview and Level Annotations

Branches:
Dungeon (2/15)

Altars:


Innate Abilities, Weirdness & Mutations

Your plain brown scales are hard. (AC +5)
You cannot fit into any form of body armour.
You are cold-blooded and may be slowed by cold attacks.
You have large cloven feet.
Your tail ends in a poisonous barb.
You are frail. (-10% HP)


Message History

The gnoll completely misses you.
A gnoll comes into view. It is wielding a +0 spear.
The gnoll shouts!
You hit the gnoll.
The gnoll is heavily wounded.
The gnoll hits you with a cursed -2 spear.
You hit the gnoll.
The gnoll is severely wounded.
The gnoll barely misses you. x2
You hit the gnoll.
You kill the gnoll!
The gnoll hits you from afar with a +0 spear.
* * * LOW HITPOINT WARNING * * *
The gnoll hits you from afar with a +0 spear.
* * * LOW HITPOINT WARNING * * *
Things that are here:
a cursed -2 spear; an inky potion A bat comes into view.
The gnoll hits you from afar with a +0 spear.
You die...

###### #....#
#....# #....#
#....####
#........
#######...(#####
#.<†...)@......#
#.#####....###..
#.# ##g### #..
.... ### ..#..
........ b#.#
##. ..#.#


You could see a gnoll and a bat.

Vanquished Creatures
  3 gnolls (D:2)
  2 dart slugs (D:1)
  3 ball pythons (D:1)
  3 bats (D:1)
  2 giant cockroaches (D:1)
  2 hobgoblins (D:1)
  2 jackals (D:1)
  5 kobolds (D:1)
  A frilled lizard (D:1)
  5 rats
28 creatures vanquished.

Notes
Turn   | Place    | Note
-------+----------+-------------------------------------------
     0 | D:1      | lrds666 the Draconian Conjurer began the quest for the Orb.
     0 | D:1      | Reached XP level 1. HP: 14/14 MP: 3/3
  1022 | D:1      | Reached XP level 2. HP: 7/22 MP: 5/5
  2022 | D:1      | Reached skill level 1 in Unarmed Combat
  2224 | D:1      | Gained mutation: You are frail. (-10% HP) [potion of
                  | mutation]
  2224 | D:1      | Gained mutation: You have large cloven feet. [potion of
                  | mutation]
  2224 | D:1      | Gained mutation: Your tail ends in a poisonous barb.
                  | [potion of mutation]
  2414 | D:1      | Reached skill level 1 in Fighting
  2612 | D:1      | Reached XP level 3. HP: 19/25 MP: 6/6
  2936 | D:2      | Slain by a gnoll

Skill      XL: |  1  2  3 |
---------------+----------+-----
Unarmed Combat | 1 |  1.8
Dodging        | 2 |  2.1
Fighting       | 1 |  1.7
Stealth        | 2 |  2.0
Spellcasting   | |  2.0
Conjurations   | |  4.3

Action                   || total
-------------------------++-------
Melee: Unarmed           ||    61
       Tailslap          ||    15
       Dagger            ||    76
       Kick              ||    10
       Punch             ||     1
  Use: Scroll            ||     4
       Potion            ||     3
 Stab: Sleeping          ||     3
  Eat: Ration            ||     2
Armor: Skin              ||    66
Dodge: Dodged            ||   108
